 Dungeon Crawl Stone Soup version 0.28.0-1-gb440e238dd (webtiles) character file.

Game seed: 4325758373433552596

21952 Bamboolord the Stormcaller (level 12, -6/59 HPs)
             Began as a Tengu Air Elementalist on Feb 24, 2022.
             Was a Believer of Vehumet.
             Mangled by an eight-headed hydra (8 damage)
             ... on level 2 of the Lair of Beasts.
             The game lasted 01:05:18 (20083 turns).

Bamboolord the Stormcaller (TeAE)                  Turns: 20083, Time: 01:05:18

Health: -6/59      AC: 23    Str: 10    XL:     12   Next: 95%
Magic:  22/37      EV: 17    Int: 20    God:    Vehumet [**....]
Gold:   334        SH:  5    Dex: 14    Spells: 9/34 levels left

rFire   . . .      SeeInvis .   G - +7 staff of the Meek {protect, meekguard}
rCold   + + .      Faith    .   (shield currently unavailable)
rNeg    . . .      Spirit   .   e - +3 leather armour {rPois}
rPois   +          Reflect  +   (helmet restricted)
rElec   .          Harm     .   C - +2 cloak
rCorr   .          Rampage  .   (no gloves)
Will    .....                   (boots unavailable)
Stlth   ++........              E - amulet of reflection
HPRegen 0.19/turn               l - ring "Pareijeon" {rC+ MP+9}
MPRegen 0.25/turn               u - ring of protection from cold

@: under a protective aura, flying quickly and evasively, studying Summonings,
quick
A: beak, talons 3, nimble flight
a: Renounce Religion


You were on level 2 of the Lair of Beasts.
You worshipped Vehumet.
Vehumet was pleased with you.
You visited 3 branches of the dungeon, and saw 14 of its levels.
You also visited: Bailey.

You collected 734 gold pieces.
You spent 400 gold pieces at shops.

Inventory:

Hand Weapons
 y - the +10 trident "Omelette" {protect, rPois SInv}
   (You found it on level 9 of the Dungeon)

   It grants its wielder temporary protection when it strikes (+7 to AC).
   rPois:     It protects you from poison.
   SInv:      It lets you see invisible.
 G - the +7 staff of the Meek (weapon) {protect, meekguard}
   (You found it on level 9 of the Dungeon)

   It grants its wielder temporary protection when it strikes (+7 to AC).
   It provides extra protection to wielders with little health.
Missiles
 H - a throwing net
Armour
 a - a +1 robe
 e - a +3 leather armour of poison resistance (worn)
 C - a +2 cloak (worn)
Jewellery
 i - an amulet of faith
 l - the ring "Pareijeon" (left hand) {rC+ MP+9}
   (You acquired it in a bailey)

   [ring of magical power]

   rC:        It protects you from cold.
   MP:        It affects your magic capacity (+9).
 o - an amulet of the acrobat
 s - an amulet of regeneration
 u - a ring of protection from cold (right hand)
 B - a ring of see invisible
 E - an amulet of reflection (around neck)
Wands
 f - a wand of polymorph (16)
 m - a wand of iceblast (34)
 x - a wand of flame (18)
 I - a wand of paralysis (11)
Scrolls
 g - a scroll of torment
 h - 3 scrolls of brand weapon
 n - 2 scrolls of fear
 p - 2 scrolls of holy word
 t - 4 scrolls of fog
 v - 3 scrolls of teleportation
 A - 3 scrolls of immolation
 F - a scroll of blinking
 J - 6 scrolls of identify
Potions
 b - 4 potions of lignification
 c - 2 potions of invisibility
 d - a potion of cancellation
 j - 2 potions of might
 k - a potion of berserk rage
 q - a potion of haste
 r - a potion of resistance {unknown}
 w - 2 potions of flight {unknown}
 z - 3 potions of heal wounds {unknown}
 D - a potion of magic {unknown}
 K - a potion of curing
 L - a potion of attraction {unknown}


   Skills:
 - Level 0.3(1.2) Polearms
 + Level 2.0(2.1) Staves
 * Level 8.0 Dodging
 + Level 3.0 Stealth
 + Level 0.3 Shields
 * Level 11.6 Spellcasting
 * Level 10.9 Conjurations
 - Level 9.6 Summonings
 * Level 15.8 Air Magic


You had 9 spell levels left.
You knew the following spells:

 Your Spells              Type           Power      Damage    Failure   Level
a - Shock                 Conj/Air       100%       1d9       1%          1
b - Static Discharge      Conj/Air       60%        N/A       1%          2
c - Swiftness             Air            66%        N/A       1%          3
d - Airstrike             Air            33%        N/A       1%          4
e - Poisonous Vapours     Pois/Air       86%        N/A       1%          2
f - Freezing Cloud        Conj/Ice/Air   23%        6-21      6%          5
g - Maxwell's Capacitive  Air            33%        ∞         63%         8

Your spell library contained the following spells:

 Spells                   Type           Power      Damage    Failure   Level
 Searing Ray              Conj           100%       2d8       1%          2
 Corpse Rot               Necr/Air       86%        N/A       1%          2
 Fulminant Prism          Conj/Hex       16%        3d11      9%          4
 Hailstorm                Conj/Ice       33%        3d8       9%          4
 Iskenderun's Mystic Bla  Conj/Tloc      33%        2d8       9%          4
 Gell's Gravitas          Tloc           11%        N/A       24%         3
 Lesser Beckoning         Tloc           11%        N/A       24%         3
 Teleport Other           Tloc           11%        N/A       24%         3
 Ice Form                 Ice/Tmut       11%        N/A       63%         4
 Lee's Rapid Deconstruct  Erth           5%         3d7*      92%         5
 Simulacrum               Ice/Necr       5%         N/A       100%        6


Dungeon Overview and Level Annotations

Branches:
Dungeon (11/15)            Temple (1/1) D:5            Lair (2/6) D:10
 Spider (0/4) Lair:2          Orc (0/2) D:9          Bailey (visited)
  Swamp: Lair:2-4    Shoals: Lair:2-4

Altars:
Ashenzari
Cheibriados
Dithmenos
Elyvilon
Fedhas
Gozag
Hepliaklqana
Kikubaaqudgha
Makhleb
Nemelex Xobeh
Okawaru
Qazlal
Ru
Sif Muna
Trog
Uskayaw
Vehumet
Wu Jian
Xom
Yredelemnul
Zin
The Shining One
Beogh

Shops:
D:8 :


Innate Abilities, Weirdness & Mutations

You have a beak for a mouth.
You have claws for feet.
Your magical nature lets you fly swiftly and evasively.


Message History

You are struck by an arc of lightning.
The lightning grounds out.
The komodo dragon closely misses you.
Unknown command.
Casting: Static Discharge (safe; 1% risk of failure)
Confirm with . or Enter, or press ? or * to list all spells.
The komodo dragon is struck by an arc of lightning!
The komodo dragon is almost dead.
The lightning grounds out.
The komodo dragon bites you!
* * * LOW HITPOINT WARNING * * *
Unknown command.
You sock the komodo dragon!
You kill the komodo dragon!
Vehumet accepts your kill.
You feel your power returning.
You completely miss the eight-headed hydra.
Your kick misses the eight-headed hydra.
The eight-headed hydra is severely wounded.
The eight-headed hydra closely misses you.
The eight-headed hydra bites you but does no damage.
The eight-headed hydra bites you.
* * * LOW HITPOINT WARNING * * *
The eight-headed hydra bites you.
* * * LOW HITPOINT WARNING * * *
The eight-headed hydra bites you but does no damage.
The eight-headed hydra closely misses you.
The eight-headed hydra bites you but does no damage. x2
Aiming: Airstrike (safe; 1% risk of failure)
Press: ? - help, Q - select action, (/) - cycle Dir - move target, f/p - eight-headed hydra
Aim: an eight-headed hydra (heavily wounded, empty space bonus: 2/8)
The air twists around and strikes the eight-headed hydra!
The eight-headed hydra is almost dead.
The eight-headed hydra bites you but does no damage. x2
The eight-headed hydra bites you.
* * * LOW HITPOINT WARNING * * *
The eight-headed hydra bites you but does no damage.
The eight-headed hydra closely misses you.
You block the eight-headed hydra's attack.
The eight-headed hydra barely misses you.
The eight-headed hydra bites you!
You die...

#.....#.##
#P.........
...P......
###.........
.######.P.
#.#.........
####
#...........
#...##......
##.###
#.###.
###..# #.#
#.D##.# .>#
##@# #.# #.
### ##


You could see an eight-headed hydra.

Vanquished Creatures
  Harold (D:11)
  2 hydras (D:9)
  4 two-headed ogres
  A centaur warrior (D:9)
  A cyclops (D:9)
  A deep elf pyromancer (D:11)
  An ugly thing (D:9)
  A manticore (D:11)
  A black mamba (Lair:1)
  5 cane toads
  An unseen horror (D:11)
  A kobold demonologist (D:9)
  5 komodo dragons
  2 trolls (D:10)
  A meliai (D:9)
  A polar bear (Lair:1)
  5 blink frogs (Lair:1)
  A slime creature (D:9)
  2 shadows
  3 wyverns
  2 basilisks (D:10)
  A wraith (D:8)
  9 yaks
  Eustachio (D:5)
  A redback (Bailey)
  A vampire mosquito (D:9)
  Duvessa (D:5)
  9 water moccasins
  23 orc warriors
  5 black bears
  3 ogres
  A sky beast (D:6)
  A wolf (D:10)
  A boggart (D:9)
  5 centaurs
  A phantom (D:6)
  3 kobold brigands
  2 bullfrogs
  A scorpion (D:5)
  A water moccasin skeleton (D:4)
  Dowan (D:5)
  7 killer bees
  An electric eel (Lair:1)
  3 howler monkeys
  A bullfrog zombie (D:3)
  A bullfrog skeleton (D:6)
  2 centaur zombies
  A jelly (D:6)
  12 orc priests
  3 centaur skeletons (D:7)
  18 iguanas
  16 orc wizards
  5 gnolls
  6 adders
  A white imp (D:7)
  2 worms
  A dart slug (D:4)
  37 orcs
  5 ball pythons
  3 endoplasms (D:1)
  6 giant cockroaches
  14 goblins
  21 hobgoblins
  6 jackals (D:2)
  27 kobolds
  4 quokkas
  4 bats
  23 frilled lizards
  2 rats
345 creatures vanquished.

Vanquished Creatures (others)
  4 yaks (D:9)
  A sky beast (D:5)
  3 fungi (Lair:1)
  90 plants
98 creatures vanquished.

Grand Total: 443 creatures vanquished

Notes
Turn   | Place    | Note
-------+----------+-------------------------------------------
     0 | D:1      | Bamboolord the Tengu Air Elementalist began the quest for
                  | the Orb.
     0 | D:1      | Reached XP level 1. HP: 10/10 MP: 4/4
    73 | D:1      | Reached XP level 2. HP: 10/15 MP: 0/6
   196 | D:1      | Learned a level 2 spell: Static Discharge
  1081 | D:1      | Reached XP level 3. HP: 12/19 MP: 2/7
  1085 | D:1      | Learned a level 3 spell: Swiftness
  2330 | D:2      | Reached XP level 4. HP: 22/24 MP: 4/8
  2420 | D:2      | Found a faded altar of an unknown god.
  3032 | D:2      | Reached skill level 5 in Air Magic
  3518 | D:3      | Gained mutation: Your magical nature lets you fly swiftly
                  | and evasively. [Tengu growth]
  3518 | D:3      | Reached XP level 5. HP: 27/28 MP: 0/10
  4207 | D:3      | Learned a level 4 spell: Airstrike
  4580 | D:4      | Reached XP level 6. HP: 30/32 MP: 1/12
  5034 | D:5      | Entered Level 5 of the Dungeon
  5257 | D:5      | Found an opulent altar of Gozag.
  5275 | D:5      | Found a staircase to the Ecumenical Temple.
  5290 | Temple   | Entered the Ecumenical Temple
  5610 | D:5      | Reached skill level 5 in Conjurations
  5610 | D:5      | Reached skill level 6 in Air Magic
  5794 | D:5      | Noticed Eustachio
  6029 | D:5      | Killed Eustachio
  6030 | D:5      | Reached XP level 7. HP: 33/36 MP: 7/14
  6301 | D:5      | Noticed a wyvern
  6541 | D:5      | Noticed Dowan
  6738 | D:5      | Noticed Duvessa
  6754 | D:5      | Killed Duvessa
  6755 | D:5      | Reached skill level 5 in Spellcasting
  6755 | D:5      | Reached skill level 7 in Air Magic
  6755 | D:5      | Reached XP level 8. HP: 30/41 MP: 4/16
  6755 | D:5      | Killed Dowan
  7759 | D:6      | Reached skill level 8 in Air Magic
  8166 | D:6      | Learned a level 2 spell: Poisonous Vapours
  8467 | D:7      | Reached XP level 9. HP: 37/45 MP: 0/19
  8660 | D:7      | Found a flagged portal.
  8673 | Bailey   | Entered a bailey
  8714 | Bailey   | Reached skill level 9 in Air Magic
  8745 | Bailey   | Reached skill level 5 in Dodging
  8745 | Bailey   | Reached skill level 1 in Summonings
  9373 | Bailey   | Noticed an orc knight
  9385 | Bailey   | an orc knight changed into a redback
  9599 | Bailey   | Noticed an orc warlord
  9607 | Bailey   | Reached skill level 10 in Air Magic
 10016 | D:7      | Reached XP level 10. HP: 48/50 MP: 4/22
 10145 | D:7      | Acquired the ring "Pareijeon" {rC+ MP+9}
 10551 | D:7      | Found a sacrificial altar of Ru.
 11377 | D:7      | Found a hazy altar of Hepliaklqana.
 11379 | D:7      | Found a basalt altar of Yredelemnul.
 11692 | D:7      | Reached skill level 11 in Air Magic
 11774 | D:8      | Reached skill level 5 in Summonings
 12147 | D:8      | Found Secru's Book Emporium.
 12152 | D:8      | Bought the Compendium of Feathers for 400 gold pieces
 12162 | D:8      | Learned a level 5 spell: Freezing Cloud
 12171 | D:8      | Learned a level 8 spell: Maxwell's Capacitive Coupling
 12542 | D:8      | Noticed a two-headed ogre
 12561 | D:8      | Killed a two-headed ogre
 12711 | D:9      | Noticed an eight-headed hydra
 12720 | D:9      | Killed an eight-headed hydra
 12822 | D:9      | Reached skill level 12 in Air Magic
 12869 | D:9      | Noticed a cyclops
 12877 | D:9      | Killed a cyclops
 12878 | D:9      | Reached XP level 11. HP: 54/54 MP: 10/25
 12993 | D:9      | Noticed a centaur warrior
 12994 | D:9      | Noticed a four-headed hydra
 13016 | D:9      | Found an ornate altar of the Wu Jian Council.
 13017 | D:9      | Found a sparkling altar of Nemelex Xobeh.
 13123 | D:9      | Noticed a brown ugly thing
 13212 | D:9      | Killed a centaur warrior
 13380 | D:9      | Killed a four-headed hydra
 13462 | D:9      | Identified the +10 trident "Omelette" {protect, rPois SInv}
 13531 | D:9      | Killed a brown ugly thing
 13692 | D:9      | Reached skill level 13 in Air Magic
 13702 | D:9      | Reached skill level 10 in Conjurations
 14065 | D:9      | Found a staircase to the Orcish Mines.
 14238 | D:9      | Noticed a two-headed ogre
 14244 | D:9      | Found a radiant altar of Vehumet.
 14273 | D:9      | Killed a two-headed ogre
 14274 | D:9      | Reached skill level 10 in Spellcasting
 14302 | D:9      | Became a worshipper of Vehumet
 14697 | D:9      | Found the +7 staff of the Meek {protect, meekguard}
 14775 | D:10     | Entered Level 10 of the Dungeon
 15052 | D:10     | Found a staircase to the Lair.
 15085 | D:9      | HP: 1/54 [wyvern (10)]
 15632 | D:9      | Reached skill level 14 in Air Magic
 15811 | D:10     | Reached XP level 12. HP: 42/59 MP: 11/27
 15990 | D:10     | Noticed a two-headed ogre
 16016 | D:10     | Killed a two-headed ogre
 16124 | D:10     | Reached * piety under Vehumet
 16124 | D:10     | Offered knowledge of Foxfire by Vehumet.
 16360 | D:10     | Reached skill level 1 in Staves
 16742 | D:11     | Noticed Harold
 16748 | D:11     | Killed Harold
 16919 | D:11     | Noticed a two-headed ogre
 16923 | D:11     | Killed a two-headed ogre
 17556 | Lair:1   | Entered Level 1 of the Lair of Beasts
 17896 | Lair:1   | Reached skill level 15 in Air Magic
 18689 | Lair:1   | Reached ** piety under Vehumet
 19519 | Lair:1   | Offered knowledge of Searing Ray by Vehumet.
 19939 | Lair:2   | Found a hole to the Spider Nest.
 20060 | Lair:2   | Noticed an eight-headed hydra
 20083 | Lair:2   | HP: 2/59 [eight-headed hydra (1)]
 20083 | Lair:2   | Mangled by an eight-headed hydra

Illustrated notes

Levels and vault maps discovered:
D:1:      minmay_arrival_nine_rooms, layout_basic, st_stairs_10
D:2:      layout_basic, hellmonk_ecumenical_altar_run_dry, minmay_lizard_king
D:3:      layout_loops_ring
D:4:      layout_rooms
D:5:      layout_loops_ring, general_overflow_altar,
          minmay_temple_entry_steel_oval, lightli_corner_chamber,
          uniq_eustachio, uniq_duvessa
D:6:      layout_loops_cross, serial_rivers, chequers_serial_rivers_small_b,
          chequers_serial_rivers_micro_d, chequers_serial_rivers_micro_d,
          chequers_serial_rivers_room_b, chequers_serial_rivers_micro_b,
          chequers_serial_rivers_micro_b
D:7:      layout_basic, nicolae_overflow_hidden_temple,
          overflow_temple_1_default, enter_bailey_1, minmay_manual_mares
D:8:      layout_loops_ring, serial_shops, nicolae_diamond_shop,
          minmay_misc_feat_cross
D:9:      minmay_cut_squares, layout_rooms, fiery_altar_vehumet,
          gammafunk_temple_overflow_pools, minmay_orc_entry_temple_small,
          pf_guarded_unrand_meek
D:10:     layout_loops_ring, minmay_lair_entry_grove
D:11:     layout_cave_pools, uniq_harold
Temple:   regret_index_temple_generic_petals
Lair:1:   lemuel_reptile_caves, layout_misc_corridors, serial_bayou,
          serial_bayou_pond_e, serial_bayou_pond_c, serial_bayou_lake_a,
          serial_bayou_lagoon_a, serial_bayou_lagoon_b, serial_bayou_pond_b
Lair:2:   layout_layer_cave, spider_nest_entry_web_field, lemuel_oklob_altar

Skill      XL: |  1  2  3  4  5  6  7  8  9 10 11 12 |
---------------+-------------------------------------+-----
Conjurations   | 2 3 4 5 6 8 9 10 | 10.9
Air Magic      | 5 6 7 8 10 12 14 15 | 15.8
Dodging        | 3 4 5 6 7 8 |  8.0
Spellcasting   | 3 4 5 6 7 9 10 11 | 11.6
Summonings     | 4 6 8 9 |  9.6
Staves         | 2 |  2.0
Stealth        | 3 |  3.0
Polearms       | |  0.3
Shields        | |  0.3

Action                   |  1- 3 |  4- 6 |  7- 9 | 10-12 || total
-------------------------+-------+-------+-------+-------++-------
Melee: Unarmed           |    10 |    11 |     6 |    20 ||    47
       Kick              |     1 |     2 |     1 |    33 ||    37
       Peck              |     1 |     2 |     1 |    25 ||    29
       Quarterstaff      |       |       |       |    95 ||    95
       Trident           |       |       |       |    17 ||    17
       Punch             |       |       |       |     1 ||     1
 Cast: Shock             |    71 |    99 |   102 |    81 ||   353
       Static Discharge  |    13 |    25 |    56 |    82 ||   176
       Airstrike         |       |     2 |    21 |   209 ||   232
       Swiftness         |       |       |     4 |     3 ||     7
       Poisonous Vapours |       |       |     1 |    11 ||    12
       Freezing Cloud    |       |       |       |     4 ||     4
Evoke: Wand              |       |       |     2 |       ||     2
  Use: Scroll            |       |     9 |     6 |     5 ||    20
       Potion            |       |     3 |     1 |     2 ||     6
Armor: Robe              |     2 |     9 |       |       ||    11
       Skin              |       |     6 |       |       ||     6
       Leather armour    |       |       |    12 |    81 ||    93
Dodge: Dodged            |    15 |    34 |    65 |   210 ||   324
Block: Other             |       |       |       |    39 ||    39
